 Dungeon Crawl Stone Soup version 0.28.0-53-g5a82cb258f (webtiles) character file.

Game seed: 9490614568594700801

1 cbfl8 the Poker (level 1, -2/16 HPs)
             Began as a Merfolk Gladiator on Sept 30, 2022.
             Slain by a jackal (3 damage)
             ... on level 2 of the Dungeon.
             The game lasted 00:00:42 (88 turns).

cbfl8 the Poker (Merfolk Gladiator)                   Turns: 88, Time: 00:00:42

Health: -2/16      AC:  4    Str: 14    XL:     1   Next: 20%
Magic:  1/1        EV: 13    Int:  7    God:
Gold:   0          SH:  0    Dex: 15    Spells: 0/0 levels left

rFire   . . .      SeeInvis .   a - +0 trident
rCold   . . .      Faith    .   (no shield)
rNeg    . . .      Spirit   .   b - +0 leather armour
rPois   .          Reflect  .   c - +0 helmet
rElec   .          Harm     .   (no cloak)
rCorr   .          Rampage  .   (no gloves)
Will    .....                   (no boots)
Stlth   +.........              (no amulet)
HPRegen 0.05/turn               (no ring)
MPRegen 0.07/turn               (no ring)

@: no status effects
A: (nimble swimmer 2), mertail
a: no special abilities


You were on level 2 of the Dungeon.
You visited 1 branch of the dungeon, and saw 2 of its levels.

Inventory:

Hand Weapons
 a - a +0 trident (weapon)
Missiles
 d - 3 throwing nets (quivered)
Armour
 b - a +0 leather armour (worn)
 c - a +0 helmet (worn)


   Skills:
 * Level 2.2 Fighting
 * Level 4.4 Polearms
 - Level 2.0 Throwing
 * Level 4.0 Dodging


You couldn't memorise any spells.
You didn't know any spells.
Your spell library was empty.

Dungeon Overview and Level Annotations

Branches:
Dungeon (2/15)

Altars:

Shops:
D:2 :


Innate Abilities, Weirdness & Mutations

((You are very nimble when in or above water. (Stealth+, EV+, Speed+++)))
Your lower body shifts to a powerful aquatic tail in water.


Message History

You climb downwards.
Found Maegemul's Book Shoppe.
There is a stone staircase leading up here.
The bat closely misses you. The jackal closely misses you.
The bat barely misses you. The bat misses you. The bat barely misses you.
There is an entrance to Maegemul's Book Shoppe here.
The bat completely misses you.
The jackal bites you but does no damage.
The bat hits you but does no damage.
A rat comes into view.
Found 13 stones and a ring mail.
The bat misses you.
The jackal bites you but does no damage.
The bat misses you.
Found 14 gold pieces.
The bat hits you.
* * * LOW HITPOINT WARNING * * *
The jackal bites you but does no damage.
An endoplasm comes into view.
The bat hits you but does no damage.
Found a stone staircase leading down.
The bat hits you but does no damage. The bat closely misses you.
The jackal misses you. The bat barely misses you.
The bat hits you but does no damage. The bat completely misses you.
You see here 14 gold pieces.
The bat barely misses you. The bat closely misses you.
The jackal barely misses you. The bat barely misses you.
The jackal stops to sniff the ground.
The bat hits you but does no damage. The bat hits you.
* * * LOW HITPOINT WARNING * * *
The jackal closely misses you.
The jackal bites you but does no damage.
There is a stone staircase leading down here.
The bat misses you. The jackal misses you. The jackal bites you.
* * * LOW HITPOINT WARNING * * *
The jackal bites you.
You die...

.........##...# ..
....#.....##..##.#
.....##...# ..#..#
..........##....#
........$.#....###
.......#..J.......
..........b..#.##
###.....rhh..#.#
....#....@....#
..##.........#....
.# ##.###....# .##
#. #....# # #.
#....≈ ###.#≈#
≈≈≈# ....


You could see an endoplasm, 2 jackals, a bat and a rat.

Vanquished Creatures
  A bat (D:1)
  A frilled lizard (D:1)
2 creatures vanquished.

Notes
Turn   | Place    | Note
-------+----------+-------------------------------------------
     0 | D:1      | cbfl8 the Merfolk Gladiator began the quest for the Orb.
     0 | D:1      | Reached XP level 1. HP: 16/16 MP: 1/1
    65 | D:2      | Found Maegemul's Book Shoppe.
    88 | D:2      | Slain by a jackal

Illustrated notes

Levels and vault maps discovered:
D:1:      dpeg_arrival_short_road, layout_basic, serial_shops,
          nicolae_shop_hallway_plus, glass_columns_b
D:2:      layout_rooms, serial_shops, shop, kennysheep_flooded_box,
          chequers_serial_rivers_small_b

Action                   || total
-------------------------++-------
Melee: Trident           ||    19
Armor: Leather armour    ||    27
Dodge: Dodged            ||    61
